 Dungeon Crawl Stone Soup version 0.26.1-11-gd32895ea62 (webtiles) character file.

Game seed: 8357943248123181786

1026191 Spawny the Conqueror (level 27, 0/249 HPs)
             Began as a Formicid Fighter on May 17, 2021.
             Was the Champion of Okawaru.
             Slain by an Executioner (6 damage)
             ... summoned by Gloorx Vloq
             ... in Pandemonium on May 18, 2021.
             The game lasted 06:46:52 (98828 turns).

Spawny the Conqueror (Formicid Fighter)            Turns: 98828, Time: 06:46:53

Health: 0/249      AC: 26    Str: 53      XL:     27
Magic:  0/21       EV: 37    Int: 10 (11) God:    Okawaru [******]
Gold:   6537       SH: 24    Dex: 33 (34) Spells: 33/36 levels left

rFire    + + +     SeeInvis +   M - +11 great mace "Rath" {protect, rElec rC- rN+ Will+}
rCold    + + .     Faith    .   g - +1 kite shield of Okawaru's Hope {*Contam rN+ Dex+3}
rNeg     + + .     Spirit   +   v - +3 chain mail of Amestoudgh {rC+ Regen+ Dex+7}
rPois    +         Reflect  .   (helmet unavailable)
rElec    +         Harm     .   U - +2 cloak "Pij Bimmaw" {rF+ Will+ Int+2 Dex+3}
rCorr    +         Rampage  +   L - +2 pair of gloves {Str+3}
Will     +++++                  H - +0 pair of boots "Ogoanyij" {Rampage rCorr MP-9 Dex+7}
Stlth    ++++......             o - amulet "Wuott" {Spirit rElec Str+4 Dex+6 Stlth+}
HPRegen  0.91/turn              G - ring of Xom's Full Attention {*Drain +Inv rF+ Str+7 Stlth+}
MPRegen  0.17/turn              d - ring of the Serpent {rElec rPois rF+ rC++ Str+2}

@: lethally poisoned (0 -> -2), heroism, finesse, flying
A: permanent stasis, dig shafts and tunnels, four strong arms, antennae 3,
blurry vision 2, clumsy 1, deformed body, deterioration 1, low mp 1,
strong-willed 1, strong 2, sturdy frame 1
}: 8/15 runes: decaying, serpentine, slimy, silver, abyssal, demonic, glowing,
magical
a: Dig, Renounce Religion, Evoke Invisibility, Heroism, Finesse


You were in Pandemonium.
You worshipped Okawaru.
Okawaru was exalted by your worship.
You visited 14 branches of the dungeon, and saw 60 of its levels.
You visited Pandemonium 1 time, and saw 12 of its levels.
You visited the Abyss 2 times.
You also visited: Sewer, Gauntlet, Ice Cave and Volcano.

You collected 12841 gold pieces.
You spent 6304 gold pieces at shops.

Inventory:

Hand Weapons
 E - a +8 sacred scourge of holy wrath
 M - the +11 great mace "Rath" (weapon) {protect, rElec rC- rN+ Will+}
   (Okawaru gifted it to you on level 1 of the Depths)

   It grants its wielder temporary protection when it strikes (+7 to AC).
   It makes you vulnerable to cold.
   It insulates you from electricity.
   It protects you from negative energy.
   It affects your willpower, your defense against some magical effects.
 T - a +9 vampiric demon whip
Missiles
 e - 80 boomerangs (quivered)
 n - 48 silver javelins
 F - 57 javelins
Armour
 g - the +1 kite shield of Okawaru's Hope (worn) {*Contam rN+ Dex+3}
   (Okawaru gifted it to you in Pandemonium)

   It affects your dexterity (+3).
   It protects you from negative energy.
   It causes magical contamination when unequipped.
 v - the +3 chain mail of Amestoudgh (worn) {rC+ Regen+ Dex+7}
   (You found it on level 3 of the Swamp)

   It affects your dexterity (+7).
   It protects you from cold.
   It increases your rate of regeneration.
 H - the +0 pair of boots "Ogoanyij" (worn) {Rampage rCorr MP-9 Dex+7}
   (You found it on level 12 of the Dungeon)

   It affects your dexterity (+7).
   It affects your magic capacity (-9).
   It provides partial protection from all sources of acid and corrosion.
   It bestows one free step when moving towards enemies.
 I - the +1 pair of boots of Jamul {rC+ rN+, unknown}
   (You found it in Pandemonium)

   It protects you from cold.
   It protects you from negative energy.
 J - a +8 tower shield of cold resistance
 L - a +2 pair of gloves of strength (worn)
 U - the +2 cloak "Pij Bimmaw" (worn) {rF+ Will+ Int+2 Dex+3}
   (You found it on level 2 of the Depths)

   It affects your intelligence (+2).
   It affects your dexterity (+3).
   It protects you from fire.
   It affects your willpower, your defense against some magical effects.
Jewellery
 d - a ring of the Serpent (right hand) {rElec rPois rF+ rC++ Str+2}
   (You acquired it on level 5 of the Vaults)

   [ring of protection from fire]

   It affects your strength (+2).
   It protects you from fire.
   It greatly protects you from cold.
   It insulates you from electricity.
   It protects you from poison.
 o - the amulet "Wuott" (around neck) {Spirit rElec Str+4 Dex+6 Stlth+}
   (You found it on level 2 of the Abyss)

   [amulet of guardian spirit]

   It causes incoming damage to be split between your health and magic.
   It affects your strength (+4).
   It affects your dexterity (+6).
   It insulates you from electricity.
   It makes you more stealthy.
 p - the ring of Inliff {+Fly rElec rPois rN+ Str+2}
   (You found it on level 15 of the Dungeon)

   [ring of poison resistance]

   It affects your strength (+2).
   It insulates you from electricity.
   It protects you from poison.
   It protects you from negative energy.
   It lets you fly.
 x - the ring of Odwy {rC+ Dex+6}
   (You bought it in a shop on level 3 of the Vaults)

   [ring of dexterity]

   It affects your dexterity (+6).
   It protects you from cold.
 y - the amulet of Starshine {Spirit rPois Str+3}
   (You bought it in a shop on level 2 of the Elven Halls)

   [amulet of guardian spirit]

   It causes incoming damage to be split between your health and magic.
   It affects your strength (+3).
   It protects you from poison.
 G - the ring of Xom's Full Attention (left hand) {*Drain +Inv rF+ Str+7 Stlth+}
   (You found it on level 3 of the Vaults)

   [ring of stealth]

   It affects your strength (+7).
   It protects you from fire.
   It lets you turn invisible.
   It causes draining when unequipped.
   It makes you more stealthy.
 K - the ring of the Failed Coup {rElec rF+++ Will+ Int+4 Dex+4}
   (You took it off a seraph in Pandemonium)

   [ring of willpower]

   It affects your intelligence (+4).
   It affects your dexterity (+4).
   It renders you almost immune to fire.
   It insulates you from electricity.
   It affects your willpower, your defense against some magical effects.
Wands
 j - a wand of enslavement (32)
 m - a wand of flame (40)
 r - a wand of paralysis (62)
 s - a wand of disintegration (96)
 u - a wand of acid (78)
 z - a wand of polymorph (41)
 S - a wand of iceblast (108)
 X - a wand of digging (2)
Scrolls
 f - 41 scrolls of remove curse
 h - 11 scrolls of fear
 q - 12 scrolls of fog
 t - a scroll of brand weapon
 B - 2 scrolls of silence
 P - 2 scrolls of holy word
 Q - 2 scrolls of summoning
 V - 38 scrolls of identify
 Y - 18 scrolls of amnesia
 Z - a scroll of magic mapping
Potions
 a - 9 potions of ambrosia
 b - 5 potions of invisibility
 i - 6 potions of mutation
 k - 35 potions of curing
 l - 9 potions of heal wounds
 w - 7 potions of resistance
 A - 11 potions of might
 C - 6 potions of cancellation
 R - 4 potions of magic
Miscellaneous
 c - a condenser vane (inert)
 D - a tin of tremorstones (2/2)
 N - a box of beasts
 W - a phantom mirror


   Skills:
 O Level 27 Fighting
 + Level 26.4(27) Maces & Flails
 + Level 23.0(27) Throwing
 - Level 20.0(25.0) Armour
 - Level 20.0(25.0) Dodging
 - Level 20.0(25.0) Shields
 - Level 5.0 Spellcasting
 - Level 14.0 Necromancy
 - Level 14.0 Invocations
 O Level 27 Evocations


You had 33 spell levels left.
You knew the following spells:

 Your Spells              Type           Power        Failure   Level
a - Vampiric Draining     Necr           15%          1%          3

Your spell library contained the following spells:

 Spells                   Type           Power        Failure   Level
 Animate Skeleton         Necr           60%          1%          1
 Pain                     Necr           100%         1%          1
 Sublimation of Blood     Necr           15%          1%          2
 Animate Dead             Necr           15%          1%          4
 Dispel Undead            Necr           30%          1%          4
 Corpse Rot               Necr/Air       N/A          2%          2
 Agony                    Necr           30%          2%          5
 Death Channel            Necr           15%          16%         6
 Apportation              Tloc           4%           32%         1
 Beastly Appendage        Tmut           4%           32%         1
 Corona                   Hex            2%           32%         1
 Foxfire                  Conj/Fire      8%           32%         1
 Freeze                   Ice            8%           32%         1
 Magic Dart               Conj           8%           32%         1
 Shock                    Conj/Air       8%           32%         1
 Sting                    Tmut/Pois      8%           32%         1
 Summon Small Mammal      Summ           8%           32%         1
 Call Imp                 Summ           2%           43%         2
 Ensorcelled Hibernation  Hex/Ice        4%           43%         2
 Passwall                 Tmut/Erth      1%           43%         2
 Poisonous Vapours        Pois/Air       4%           43%         2
 Slow                     Hex            2%           43%         2
 Wereblood                Tmut           2%           43%         2
 Borgnjor's Vile Clutch   Necr/Erth      8%           45%         5
 Call Canine Familiar     Summ           2%           67%         3
 Confusing Touch          Hex            2%           67%         3
 Conjure Flame            Conj/Fire      2%           67%         3
 Dazzling Flash           Conj/Hex       4%           67%         3
 Frozen Ramparts          Ice            4%           67%         3
 Gell's Gravitas          Tloc           1%           67%         3
 Ignite Poison            Fire/Tmut/Pois 2%           67%         3
 Inner Flame              Hex/Fire       2%           67%         3
 Lesser Beckoning         Tloc           1%           67%         3
 Mephitic Cloud           Conj/Pois/Air  2%           67%         3
 Ozocubu's Armour         Ice            2%           67%         3
 Portal Projectile        Hex/Tloc       4%           67%         3
 Spider Form              Tmut/Pois      1%           67%         3
 Static Discharge         Conj/Air       2%           67%         3
 Stone Arrow              Conj/Erth      4%           67%         3
 Summon Guardian Golem    Hex/Summ       2%           67%         3
 Teleport Other           Tloc           2%           67%         3
 Tukima's Dance           Hex            2%           67%         3
 Simulacrum               Ice/Necr       8%           95%         6
 Airstrike                Air            1%           97%         4
 Cause Fear               Hex            1%           97%         4
 Hailstorm                Conj/Ice       2%           97%         4
 Ice Form                 Ice/Tmut       2%           97%         4
 Iskenderun's Mystic Bla  Conj/Tloc      2%           97%         4
 Olgreb's Toxic Radiance  Pois           2%           97%         4
 Passage of Golubria      Tloc           N/A          97%         4
 Petrify                  Tmut/Erth      2%           97%         4
 Sticky Flame             Conj/Fire      2%           97%         4
 Summon Ice Beast         Ice/Summ       2%           97%         4
 Summon Lightning Spire   Summ/Air       2%           97%         4
 Alistair's Intoxication  Tmut/Pois      1%           100%        5
 Blade Hands              Tmut           1%           100%        5
 Bolt of Magma            Conj/Fire/Erth 1%           100%        5
 Fireball                 Conj/Fire      1%           100%        5
 Irradiate                Conj/Tmut      1%           100%        5
 Iskenderun's Battlesphe  Conj           2%           100%        5
 Lightning Bolt           Conj/Air       1%           100%        5
 Metabolic Englaciation   Hex/Ice        1%           100%        5
 Silence                  Hex/Air        1%           100%        5
 Summon Forest            Summ/Tloc      1%           100%        5
 Summon Mana Viper        Hex/Summ       2%           100%        5
 Yara's Violent Unravell  Hex/Tmut       1%           100%        5
 Dispersal                Tloc           1%           100%        6
 Eringya's Noxious Bog    Tmut/Pois      1%           100%        6
 Freezing Cloud           Conj/Ice/Air   1%           100%        6
 Hydra Form               Tmut           1%           100%        6
 Invisibility             Hex            2%           100%        6
 Iron Shot                Conj/Erth      1%           100%        6
 Ozocubu's Refrigeration  Ice            1%           100%        6
 Shadow Creatures         Summ           N/A          100%        6
 Starburst                Conj/Fire      1%           100%        6
 Dragon Form              Tmut           1%           100%        7
 Orb of Destruction       Conj           1%           100%        7
 Spellforged Servitor     Conj/Summ      1%           100%        7
 Summon Hydra             Summ           1%           100%        7
 Chain Lightning          Conj/Air       1%           100%        8
 Discord                  Hex            1%           100%        8
 Disjunction              Tloc           1%           100%        8
 Ignition                 Fire           1%           100%        8
 Lehudib's Crystal Spear  Conj/Erth      1%           100%        8
 Absolute Zero            Ice            1%           100%        9
 Dragon's Call            Summ           1%           100%        9
 Fire Storm               Conj/Fire      1%           100%        9
 Shatter                  Erth           1%           100%        9
 Tornado                  Air            1%           100%        9
 Blink                    Tloc           Unusable     N/A         2
 Swiftness                Air            Unusable     N/A         2

Dungeon Overview and Level Annotations

Branches:
Dungeon (15/15)            Temple (1/1) D:6            Lair (6/6) D:10
  Swamp (4/4) Lair:4        Snake (4/4) Lair:3        Slime (5/5) Lair:6
    Orc (2/2) D:9             Elf (3/3) Orc:2        Vaults (5/5) D:13
  Crypt (3/3) Vaults:3       Tomb (1/3) Crypt:3      Depths (5/5) D:15
   Hell (visited)             Dis (0/7) Hell            Geh (0/7) Hell
    Coc (0/7) Hell            Tar (0/7) Hell            Zot (5/5) Depths:5
  Sewer (visited)           IceCv (visited)         Volcano (visited)
Gauntlet (visited)

Altars:
Ashenzari
Elyvilon
Fedhas
Gozag
Hepliaklqana
Kikubaaqudgha
Makhleb
Nemelex Xobeh
Okawaru
Qazlal
Ru
Sif Muna
Trog
Uskayaw
Vehumet
Wu Jian
Xom
Yredelemnul
The Shining One
Beogh
Jiyva

Shops:
D:4 (   D:6 *   D:10 !   Orc:2 ([*:   Elf:1 (   Elf:2 ==}!   Elf:3 }
Vaults:2 ?   Vaults:3 =   Vaults:5 [   Depths:1 }?

Portals:
Hell: Depths:1 Depths:2 Depths:3 Depths:4 Depths:5
Abyss: Depths:4
Pandemonium: Depths:3 Depths:5
Ziggurat: Depths:2
Trove: D:13 (lose all piety)

Annotations:
Vaults:1 1 transporter
Pan Gloorx Vloq


Innate Abilities, Weirdness & Mutations

You cannot be hasted, slowed, berserked, paralysed or teleported.
You can dig through walls and to a lower floor.
Your four strong arms can wield two-handed weapons with a shield.
You have a pair of large antennae on your head. (SInv)
Scrolls take you longer to read.
You are clumsy. (Dex -2)
Armour fits poorly on your strangely shaped body.
Your body sometimes deteriorates upon taking damage.
Your magical capacity is low. (-10% MP)
You are strong-willed. (Will+)
Your muscles are very strong. (Str +4)
Your movements are slightly less encumbered by armour. (ER -2)


Message History

The Executioner completely misses you.
The Executioner is engulfed in freezing vapours.
The Executioner hits you but does no damage. x3
Unknown command.
Really fly into that cloud of freezing vapour?
You are engulfed in freezing vapours.
You resist.
* * * LOW HITPOINT WARNING * * *
You feel sick.
The Executioner is engulfed in freezing vapours. x2
The Executioner hits you!
* * * LOW HITPOINT WARNING * * *
You block the Executioner's attack. The Executioner completely misses you.
Gloorx Vloq is engulfed in freezing vapours.
The Executioner closely misses you. You block the Executioner's attack.
The Executioner hits you but does no damage.
The Executioner is engulfed in freezing vapours.
You block the Executioner's attack. x2; The Executioner misses you.
The Executioner is engulfed in freezing vapours.
You block the Executioner's attack. The Executioner hits you.
You die...

*** #.#...# #)......# #...
#?.#..# ##.......#* #..#
#.#...# #.........# #...
#..#..# #.........# #..#
#.#...# ##§§.......## #...
#..#..# #§§§.^......# #..#
#.#...# ##§&§§§......#* #...
#..#..###.§11§§.......**#..#
#.#...##..§@1§§.......,*#...
#..#..##..○○○○........,*#..#
#.#...##...○○○○.......,*#...
#..#..########'#'########..#
#.#..........#.#.#........†.
#..#.[.....................#
#.#.#.#.#.#.#.#.#.#.#.#.#.#.
#..#.#.#.#.#.#.#.#.#.#.#.#.#
###)).......(.....[...........


You could see Gloorx Vloq and 3 Executioners.

Vanquished Creatures
  the Royal Jelly (Slime:5)
  A seraph (Pan)
  Lom Lobon (Pan)
  Mnoleg (Pan)
  Tiamat (Zot:4)
  7 ancient liches
  4 orbs of fire (Zot:5)
  Khufu (Crypt:3)
  Mennas (Crypt:2)
  3 pandemonium lords (Pan)
  Boris (thrice) (Depths:3 Depths:5 Crypt:3)
  8 Killer Klowns
  Margery (Vaults:3)
  Bai Suzhen (Vaults:4)
  Xtahua (Crypt:1)
  A caustic shrike (Depths:3)
  The ghost of Woadakig the Executioner, a veteran FoFi of Dithmenos (Crypt:2)
  The ghost of DizzySkin the Executioner, a veteran MiBe of Trog (Vaults:3)
  Vashnia (Snake:2)
  Geryon (Hell)
  3 curse toes
  2 profane servitors
  16 golden dragons
  3 bone dragons
  2 pearl dragons (Pan)
  Nikola (Elf:2)
  4 electric golems
  3 hellephants
  3 Brimstone Fiends (Pan)
  A Tzitzimitl (Pan)
  2 Hell Sentinels
  19 tentacled monstrosities
  Asterion (Snake:2)
  25 Orb Guardians (Zot:5)
  An Ice Fiend (Pan)
  2 deep elf blademasters
  20 liches
  5 quicksilver dragons
  3 titans
  A deep elf master archer (Elf:3)
  31 acid blobs
  Frances (Swamp:1)
  A kraken (Abyss:2)
  20 tentacled starspawn
  3 ancient champions
  18 Executioners
  13 sphinxes
  3 draconian monks
  Gastronok (D:8)
  8 death cobs
  Kirke (Snake:2)
  14 azure jellies
  17 storm dragons
  6 revenants
  8 nagarajas
  10 tengu reavers
  A fenstrider witch (Swamp:2)
  20 fire giants
  12 vault wardens
  11 frost giants
  6 draconian knights
  12 shadow dragons
  4 ghost moths
  19 daevas
  7 balrugs
  2 black suns (Pan)
  Louise (D:15)
  11 cacodemons
  22 angels
  Aizul (Snake:4)
  2 iron dragons
  2 draconian scorchers (Zot:4)
  9 deep elf sorcerers
  A juggernaut zombie (Depths:3)
  The ghost of mk2021 the Unseen, an adept KoEn of Dithmenos (D:12)
  2 draconian stormcallers
  2 orc warlords
  4 curse skulls
  10 draconian shifters
  7 deep elf elementalists
  10 draconian annihilators
  3 blood saints (Pan)
  15 ironheart preservers
  A ghoul (Crypt:3)
  4 war gargoyles
  3 reapers
  10 green draconians
  9 vampire knights
  12 ophanim (Pan)
  13 stone giants
  28 very ugly things
  2 bennus (Tomb:1)
  2 corrupters (Pan)
  Nessos (Lair:5)
  23 apis (Pan)
  7 dire elephants (Abyss:3)
  8 black draconians
  4 entropy weavers
  7 lorocyprocas
  4 spark wasps
  18 purple draconians
  15 red draconians
  8 deep elf demonologists
  7 white draconians
  7 yellow draconians
  A bunyip (Swamp:3)
  A minotaur (Gauntlet)
  12 deep elf annihilators
  11 green deaths
  11 blizzard demons
  21 fire dragons
  12 deep elf death magi
  2 eleionomae
  4 eidola
  3 mummy priests
  2 crystal guardians
  16 jiangshi
  14 ettins
  A shambling mangrove (Swamp:4)
  12 death oozes
  6 deep elf high priests
  27 yaktaur captains
  2 quicksilver dragon zombies (Abyss:2)
  A kraken zombie (Hell)
  The ghost of Linguinho the Basher, a journeyman GrFi of Trog (D:15)
  22 ice dragons
  11 rakshasas
  3 spriggan air magi
  15 great orbs of eyes
  2 quicksilver dragon skeletons
  34 vault guards
  2 catoblepae
  25 hydras
  2 monstrous demonspawn (Pan)
  The ghost of knorpule3000 the Lord of Darkness, a journeyman HuVM of Kikubaaqudgha (D:11)
  11 centaur warriors
  2 ghost crabs
  15 naga warriors
  2 hell beasts (Pan)
  Erica (D:8)
  9 death knights
  6 anacondas
  12 boulder beetles
  6 tengu warriors
  34 two-headed ogres
  28 dancing weapons
  13 alligators
  6 vampire magi
  19 death scarabs (Tomb:1)
  4 deep troll shamans
  18 ogre magi
  7 deep troll earth magi
  A spectral dire elephant (Crypt:3)
  2 death yaks
  6 hell hogs
  An orc high priest (Orc:2)
  3 shock serpents
  3 spriggan berserkers
  Urug (Orc:1)
  11 hell knights
  Sonja (Lair:6)
  18 naga sharpshooters
  11 soul eaters
  14 sun demons
  2 iron golems (Hell)
  20 thrashing horrors
  16 wretched stars
  36 skeletal warriors
  14 shadow wraiths
  26 deep elf knights
  2 spark wasp zombies (Hell)
  5 salamander mystics
  5 glowing orange brains
  2 golden dragon zombies (Hell)
  5 spatial maelstroms
  4 unseen horrors
  17 sixfirhies
  2 titan skeletons
  2 iron trolls (Depths:3)
  15 deep trolls
  A death drake (shapeshifter) (Vaults:5)
  2 fire crabs (Swamp:4)
  5 goliath frogs
  A sea snake (D:10)
  7 naga ritualists
  5 shadow demons
  5 torturous demonspawn (Pan)
  11 flayed ghosts
  8 swamp dragons
  An anaconda zombie (Hell)
  3 spriggan druids
  13 cherubim (Pan)
  2 gelid demonspawn
  12 wizards
  8 ironbrand convokers
  A lindwurm (Swamp:4)
  An obsidian statue (Depths:4)
  19 phantasmal warriors
  17 deep elf archers
  2 infernal demonspawn
  Pikel (D:7)
  114 starcursed masses
  A spectral wolf spider (D:12)
  A harpy (shapeshifter) (Vaults:3)
  An iron dragon zombie (Abyss:1)
  55 ugly things
  A wolf spider (shapeshifter) (Vaults:5)
  A golden dragon skeleton (Abyss:2)
  15 necromancers
  16 orc knights
  5 orc sorcerers
  6 wolf spiders
  3 fire giant zombies
  2 stone giant zombies
  2 frost giant zombies
  6 mana vipers
  4 wolf spider zombies
  2 orb spiders (Abyss:2)
  A shadow dragon skeleton (Crypt:2)
  An eleionoma zombie (Crypt:1)
  5 oklob plants
  4 manticores
  21 salamanders
  An orb spider (shapeshifter) (Abyss:2)
  4 shining eyes
  86 deep elf magi
  30 moths of wrath
  A salamander (shapeshifter) (D:15)
  A shining eye (shapeshifter) (Depths:3)
  2 cyclopes
  A faun (shapeshifter) (Vaults:2)
  22 elephants
  A toenail golem (Abyss:2)
  2 elephants (shapeshifter)
  2 moths of wrath (shapeshifter)
  6 will-o-the-wisps
  2 frost giant skeletons
  An iron dragon skeleton (Crypt:1)
  A dire elephant zombie (Crypt:1)
  The ghost of Linguinho the Shield-Bearer, a novice GrFi (D:6)
  3 black mambas (shapeshifter)
  A fire giant skeleton (Depths:1)
  2 centaur zombies
  10 worldbinders
  40 black mambas
  2 ice statues
  15 rust devils
  2 torpor snails
  7 guardian serpents
  Maurice (D:8)
  An elf zombie (Depths:3)
  A water nymph (shapeshifter) (Depths:3)
  A stone giant skeleton (Depths:3)
  6 apocalypse crabs
  13 vault sentinels
  29 naga magi
  19 cane toads
  4 eyes of devastation
  3 gargoyles
  40 smoke demons
  18 orange demons
  2 hellions
  A cane toad (shapeshifter) (Vaults:1)
  9 demonic crawlers
  58 yaktaurs
  4 tormentors
  A purple draconian zombie (Abyss:2)
  An anaconda simulacrum (Crypt:3)
  5 rime drakes
  14 freezing wraiths
  A ghost moth simulacrum (Crypt:2)
  2 green draconian skeletons
  6 ice devils
  23 ancient zymes
  7 efreet
  19 komodo dragons
  A catoblepas skeleton (Crypt:2)
  A golden dragon simulacrum (Abyss:2)
  8 guardian mummies
  2 spriggan skeletons (Depths:1)
  9 red devils
  3 hydra zombies
  5 tengu conjurers
  9 hellwings
  8 trolls
  2 bloated husks
  28 polar bears
  2 meliai (shapeshifter)
  A queen bee (D:6)
  A hornet (shapeshifter) (D:13)
  A troll (shapeshifter) (Vaults:3)
  2 wind drakes (shapeshifter)
  2 spriggan zombies
  A blink frog (shapeshifter) (Abyss:2)
  A spectral meliai (D:12)
  15 tyrant leeches
  2 raiju (shapeshifter)
  39 raiju
  9 dream sheep
  2 meliai zombies
  70 large abominations
  An alligator zombie (Hell)
  22 hornets
  14 blink frogs
  127 slime creatures
  9 snapping turtles (D:10)
  Prince Ribbit (D:5)
  A fire dragon zombie (Crypt:1)
  2 ice dragon zombies
  A deep troll zombie (Hell)
  2 hydra skeletons
  A dream sheep (shapeshifter) (Vaults:5)
  An ettin zombie (Crypt:1)
  Sigmund (D:2)
  5 air elementals
  A black mamba zombie (Crypt:1)
  2 ettin skeletons
  82 flying skulls
  A redback (shapeshifter) (Abyss:2)
  2 elf skeletons
  A guardian serpent skeleton (Crypt:2)
  23 spriggans
  An ice dragon skeleton (Crypt:1)
  4 shadows
  3 tarantellas (shapeshifter)
  A spriggan (shapeshifter) (Abyss:2)
  13 fire elementals
  An alligator skeleton (Tomb:1)
  A vampire (Abyss:2)
  8 water elementals
  4 wyverns
  24 ynoxinuls
  9 redbacks
  Grum (Lair:1)
  An ushabti (Tomb:1)
  A wind drake zombie (Crypt:2)
  A wyvern (shapeshifter) (Depths:5)
  A human (shapeshifter) (Elf:1)
  10 wraiths
  5 basilisks
  74 yaks
  A hog (shapeshifter) (Depths:1)
  6 fire bats
  A basilisk (shapeshifter) (D:15)
  25 chaos spawn
  8 golden eyes
  2 steam dragons (Swamp:4)
  12 vampire mosquitoes
  22 neqoxecs
  4 spatial vortices
  6 wargs
  2 soldier ants (shapeshifter)
  12 swamp worms
  8 acid dragons
  2 cane toad zombies (Hell)
  2 human zombies (Hell)
  A glowing shapeshifter zombie (Crypt:1)
  29 water moccasins
  45 nagas
  2 hydra simulacra
  18 hell hounds
  28 orc warriors
  A cane toad skeleton (Crypt:1)
  4 sky beasts
  6 swamp drakes
  9 eyes of draining
  5 ice beasts
  4 necrophages (Crypt:3)
  A hornet zombie (Crypt:2)
  3 black bears
  2 hog zombies (Crypt:1)
  A wolf (shapeshifter) (Vaults:2)
  6 phantoms
  41 ogres
  68 wolves
  20 boggarts
  28 centaurs
  A lemure (D:7)
  An octopode zombie (Crypt:2)
  Blork the orc (Orc:2)
  4 big kobolds
  22 bullfrogs
  72 small abominations
  A gnoll sergeant (D:9)
  An earth elemental (Elf:2)
  A water moccasin zombie (D:7)
  6 scorpions
  3 wyvern skeletons
  28 killer bees
  A manticore simulacrum (Tomb:1)
  11 wights
  3 howler monkeys (D:11)
  An electric eel (Lair:2)
  15 crimson imps
  11 quasits
  3 bullfrog zombies
  4 hounds
  21 orc priests
  3 bullfrog skeletons
  An iguana (D:13)
  11 jellies
  22 orc wizards
  4 centaur skeletons
  14 iron imps
  Jessica (D:3)
  2 human skeletons
  5 hell rats
  8 worker ants
  A killer bee zombie (D:7)
  An acid dragon skeleton (Crypt:1)
  A hound skeleton (D:9)
  4 mummies (Tomb:1)
  2 howler monkey zombies
  A worker ant zombie (D:7)
  20 gnolls
  8 river rats
  18 adders
  4 shadow imps
  A steam dragon skeleton (Crypt:1)
  13 white imps
  5 ufetubi
  3 oozes (Sewer)
  3 adder skeletons
  3 worms
  2 dart slugs
  3 leopard geckos
  83 orcs
  6 giant cockroaches
  6 goblins
  9 hobgoblins
  15 jackals
  19 kobolds
  5 quokkas
  2 ball pythons (D:4)
  3 bats
  8 frilled lizards
  A kobold skeleton (Crypt:1)
  A quokka skeleton (D:4)
  18 rats
  2 ball lightnings (Pan)
  A bush (Lair:4)
  4 crawling corpses
  A lurking horror (Abyss:3)
  11 starspawn tentacles
  4 tentacles
4040 creatures vanquished.

Vanquished Creatures (collateral kills)
  A lich (Depths:3)
1 creature vanquished.

Vanquished Creatures (others)
  An eldritch tentacle (Pan)
  A black draconian (Zot:2)
  A purple draconian (Zot:2)
  A swamp dragon (Swamp:4)
  A moth of wrath (Zot:2)
  A guardian serpent (Snake:4)
  A hellwing (Pan)
  A bloated husk (Swamp:1)
  3 polar bears
  2 hornets
  2 water elementals (Abyss:2)
  4 yaks (IceCv)
  3 steam dragons (Swamp:4)
  A spatial vortex (Abyss:3)
  A swamp worm (Swamp:4)
  2 swamp drakes (Swamp:4)
  An ogre (Vaults:1)
  A boggart (Depths:4)
  A wolf (IceCv)
  4 demonic plants (Abyss:2)
  10 foxfires
  21 fungi
  3 lurking horrors (Abyss:2)
  59 plants
  41 starspawn tentacles
  10 tentacles
177 creatures vanquished.

Grand Total: 4218 creatures vanquished

Notes
Turn   | Place    | Note
-------+----------+-------------------------------------------
     0 | D:1      | Spawny the Formicid Fighter began the quest for the Orb.
     0 | D:1      | Reached XP level 1. HP: 18/18 MP: 1/1
   243 | D:1      | Reached XP level 2. HP: 24/24 MP: 2/2
   925 | D:2      | Noticed Sigmund
   986 | D:2      | Reached XP level 3. HP: 29/29 MP: 3/3
  1061 | D:2      | Reached XP level 4. HP: 9/37 MP: 4/4
  1072 | D:2      | HP: 1/37 [poisoned by an adder]
  1690 | D:3      | Noticed Jessica
  1722 | D:3      | Killed Jessica
  1723 | D:3      | Reached XP level 5. HP: 42/42 MP: 5/5
  2268 | D:3      | Reached skill level 5 in Shields
  2273 | D:3      | Reached XP level 6. HP: 23/48 MP: 6/6
  2542 | D:3      | Found an opulent altar of Gozag.
  2816 | D:4      | Got a scorched mace
  2817 | D:4      | Identified the +6 mace of the Ancient Xenops {freeze, rC+
                  | rN+ Str+4} (You found it on level 4 of the Dungeon)
  3068 | D:4      | Noticed an ogre
  3075 | D:4      | Killed an ogre
  3076 | D:4      | Reached skill level 5 in Armour
  3357 | D:4      | Reached XP level 7. HP: 48/54 MP: 7/7
  3358 | D:4      | Reached skill level 5 in Maces & Flails
  3468 | D:4      | Found Mylosa's Weapon Boutique.
  4004 | D:2      | Killed Sigmund
  4052 | D:5      | Entered Level 5 of the Dungeon
  4143 | D:5      | Reached XP level 8. HP: 40/60 MP: 8/8
  4164 | D:5      | Noticed Prince Ribbit
  4275 | D:5      | Killed Prince Ribbit
  4301 | D:5      | Found a radiant altar of Vehumet.
  4400 | D:5      | Found a glowing drain.
  4415 | Sewer    | Entered a sewer
  6023 | D:6      | Found a staircase to the Ecumenical Temple.
  6036 | Temple   | Entered the Ecumenical Temple
  6046 | Temple   | Became a worshipper of Warmaster Okawaru
  6105 | D:6      | Reached XP level 9. HP: 65/65 MP: 9/9
  6278 | D:6      | Noticed a hornet
  6281 | D:6      | Noticed Linguinho's ghost (novice GrFi)
  6303 | D:6      | Noticed a queen bee
  6443 | D:6      | Found a transporter.
  6444 | D:6      | Found a transporter.
  6649 | D:6      | Found Sarchun's Assorted Antiques.
  7309 | D:7      | Reached * piety under Okawaru
  7758 | D:7      | Found a sparkling altar of Nemelex Xobeh.
  7953 | D:7      | Noticed Pikel
  7961 | D:7      | Killed Pikel
  7961 | D:7      | Reached ** piety under Okawaru
  7962 | D:7      | Reached skill level 10 in Maces & Flails
  7962 | D:7      | Reached XP level 10. HP: 69/71 MP: 10/10
  8239 | D:8      | Noticed Erica
  8265 | D:8      | Killed Erica
  8672 | D:8      | Noticed Maurice
  8687 | D:8      | Killed Maurice
  8687 | D:8      | Reached *** piety under Okawaru
  8937 | D:8      | Noticed Gastronok
  9547 | D:8      | Killed Gastronok
  9547 | D:8      | Reached **** piety under Okawaru
  9548 | D:8      | Reached skill level 10 in Armour
  9548 | D:8      | Reached XP level 11. HP: 38/77 MP: 10/14
  9838 | D:9      | Reached skill level 5 in Invocations
 10008 | D:9      | Noticed a two-headed ogre
 10216 | D:9      | Killed a two-headed ogre
 10455 | D:9      | Found an ancient bone altar of Kikubaaqudgha.
 10546 | D:9      | Reached skill level 5 in Throwing
 10995 | D:9      | Found a burning altar of Makhleb.
 11003 | D:9      | Found a blossoming altar of Fedhas.
 11127 | D:9      | Found a staircase to the Orcish Mines.
 11431 | D:10     | Entered Level 10 of the Dungeon
 11619 | D:10     | Reached ***** piety under Okawaru
 11674 | D:10     | Noticed a two-headed ogre
 12069 | D:9      | Received a gift from Okawaru
 12096 | D:10     | Noticed a sea snake
 12275 | D:10     | Found Sahixos's Distillery.
 12324 | D:10     | Reached skill level 1 in Dodging
 12712 | D:10     | You fall into a shaft and drop 1 floor!
 12958 | D:10     | Found a staircase to the Lair.
 13073 | D:10     | Killed a two-headed ogre
 13074 | D:10     | Reached XP level 12. HP: 71/85 MP: 11/16
 13285 | D:10     | Reached skill level 5 in Fighting
 13556 | D:10     | Received a gift from Okawaru
 14410 | D:10     | Killed a sea snake
 14637 | D:11     | Found a runed translucent door.
 14638 | D:11     | Noticed knorpule3000's ghost (journeyman HuVM)
 14638 | D:11     | Noticed a storm dragon
 14822 | D:11     | Found an opulent altar of Gozag.
 15425 | D:12     | Found a transporter.
 15425 | D:12     | Noticed mk2021's ghost (adept KoEn)
 15877 | D:12     | Noticed an unseen horror
 15891 | D:12     | Killed an unseen horror
 15974 | D:12     | Found a transporter.
 16152 | D:12     | Reached ****** piety under Okawaru
 16214 | D:12     | Identified the Reference Book on Evil and the Glacier
 16346 | Lair:1   | Entered Level 1 of the Lair of Beasts
 16350 | Lair:1   | Received a gift from Okawaru
 16423 | Lair:1   | Reached XP level 13. HP: 94/94 MP: 17/17
 16544 | Lair:1   | Received a gift from Okawaru
 16727 | Lair:1   | Noticed Grum
 16739 | Lair:1   | Killed Grum
 17479 | Lair:2   | Reached skill level 5 in Dodging
 18509 | Lair:2   | Noticed a boulder beetle
 18528 | Lair:2   | Killed a boulder beetle
 18962 | Lair:3   | Noticed an eight-headed hydra
 18975 | Lair:3   | Killed an eight-headed hydra
 19128 | Lair:3   | Received a gift from Okawaru
 19537 | Lair:3   | Reached XP level 14. HP: 94/103 MP: 15/18
 19628 | Lair:3   | Reached skill level 15 in Maces & Flails
 19682 | Lair:3   | Found a staircase to the Snake Pit.
 20823 | Lair:4   | Found a staircase to the Swamp.
 21315 | Lair:4   | Received a gift from Okawaru
 22633 | Lair:5   | Noticed Nessos
 22649 | Lair:5   | Killed Nessos
 22691 | Lair:5   | Reached XP level 15. HP: 108/108 MP: 13/20
 23601 | Orc:1    | Entered Level 1 of the Orcish Mines
 23677 | Orc:1    | Noticed Urug
 23689 | Orc:1    | Killed Urug
 23689 | Orc:1    | Received a gift from Okawaru
 24009 | Orc:2    | Entered Level 2 of the Orcish Mines
 24027 | Orc:2    | Found a dark tunnel.
 24030 | Volcano  | Entered a volcano
 24455 | Volcano  | Received a gift from Okawaru
 28320 | Volcano  | Glimpsed the power of Zot.
 28486 | Orc:2    | Noticed Blork the orc
 28494 | Orc:2    | Killed Blork the orc
 28573 | Orc:2    | Found a roughly hewn altar of Beogh.
 28574 | Orc:2    | Noticed an orc warlord
 28640 | Orc:2    | Killed an orc warlord
 28808 | Orc:2    | Found Teykur's Antique Weapon Emporium.
 28827 | Orc:2    | Reached skill level 10 in Invocations
 28830 | Orc:2    | Found Ysuixtoa's General Store.
 28930 | Orc:2    | Bought 3 boomerangs for 24 gold pieces
 29150 | Orc:2    | Found a staircase to the Elven Halls.
 29191 | Orc:2    | Found Fudosh's Book Emporium.
 29285 | Orc:2    | Found Kojouned's Antique Armour Emporium.
 29375 | Orc:1    | Received a gift from Okawaru
 29802 | Lair:6   | Entered Level 6 of the Lair of Beasts
 29890 | Lair:6   | Reached skill level 10 in Throwing
 29951 | Lair:6   | Received a gift from Okawaru
 30082 | Lair:6   | Found a frozen archway.
 30129 | IceCv    | Entered an ice cave
 30585 | IceCv    | Reached XP level 16. HP: 72/115 MP: 15/23
 31330 | IceCv    | Noticed a frost giant
 31339 | IceCv    | Killed a frost giant
 31368 | IceCv    | Found the ring of Shadows {Umbra +Inv Stlth+}
 31592 | Lair:6   | Reached XP level 17. HP: 120/120 MP: 24/24
 31748 | Lair:6   | Received a gift from Okawaru
 32045 | Lair:6   | Found a staircase to the Slime Pits.
 32289 | Lair:6   | Noticed Sonja
 32295 | Lair:6   | Received a gift from Okawaru
 32319 | Lair:6   | Killed Sonja
 32696 | Lair:6   | Found the +2 ratskin cloak {*Rats rPois rN+ Str-1 Int-1
                  | Dex+1}
 33155 | D:13     | Found a viscous altar of Jiyva.
 33181 | D:13     | Found a transporter.
 33186 | D:13     | Found a transporter.
 33214 | D:13     | Received a gift from Okawaru
 33578 | D:13     | Found a roughly hewn altar of Beogh.
 33658 | D:13     | Found a gate to the Vaults.
 33684 | D:13     | Received a gift from Okawaru
 33844 | D:13     | Reached skill level 10 in Shields
 34037 | D:13     | Found a portal to a secret trove of treasure.
 34419 | D:6      | Killed Linguinho's ghost
 34619 | D:11     | Killed a storm dragon
 34859 | D:11     | Killed knorpule3000's ghost
 35153 | D:12     | Killed mk2021's ghost
 35154 | D:12     | Reached XP level 18. HP: 129/129 MP: 25/25
 35167 | D:12     | Got a pair of translucent boots
 35178 | D:12     | Identified the +0 pair of boots "Ogoanyij" {Rampage rCorr
                  | MP-9 Dex+7} (You found it on level 12 of the Dungeon)
 35185 | D:12     | Identified 2 scrolls of acquirement
 35186 | D:12     | Acquired a manual of Fighting
 35324 | D:13     | Got an ancient ivory ring
 35325 | D:13     | Identified the ring of Idealism {rN+ rCorr} (You found it
                  | on level 13 of the Dungeon)
 35328 | D:13     | Acquired a manual of Maces & Flails
 35957 | D:14     | Received a gift from Okawaru
 35966 | D:14     | Got an encrusted dire flail {god gift}
 35967 | D:14     | Identified the +6 dire flail of Irama {flame, rF+ Int+3
                  | SInv Stlth+} (Okawaru gifted it to you on level 14 of the
                  | Dungeon)
 36201 | D:15     | Entered Level 15 of the Dungeon
 36256 | D:15     | Found a gate leading to a gauntlet.
 36273 | Gauntlet | Entered a Gauntlet
 36273 | Gauntlet | Found a transporter.
 36274 | Gauntlet | Found a runed translucent gate.
 36274 | Gauntlet | Found a runed translucent gate.
 36274 | Gauntlet | Found a runed translucent gate.
 36280 | Gauntlet | Found a transporter.
 36283 | Gauntlet | Found a transporter.
 36284 | Gauntlet | Found a transporter.
 36292 | Gauntlet | Found a transporter.
 36295 | Gauntlet | Found a transporter.
 36296 | Gauntlet | Found a transporter.
 36307 | Gauntlet | Found a transporter.
 36308 | Gauntlet | Found a transporter.
 36312 | Gauntlet | Found a transporter.
 36319 | Gauntlet | Found a transporter.
 36319 | Gauntlet | Found a transporter.
 36320 | Gauntlet | Found a transporter.
 36333 | Gauntlet | Found a transporter.
 36444 | Gauntlet | Identified the Incunabulum of Sinister Changing
 36641 | Gauntlet | Got a scintillating marble ring
 36644 | Gauntlet | Identified the ring "Hiqeklun" {Fire *Corrode rElec Dex+9
                  | Slay-6} (You found it in a Gauntlet)
 36679 | Gauntlet | Identified the +8 scimitar of the Valley {pain, rF++
                  | Stlth-}
 36852 | D:15     | Found a staircase to the Depths.
 37073 | D:15     | Noticed Louise
 37124 | D:15     | Killed Louise
 37288 | D:15     | Reached skill level 10 in Fighting
 37364 | D:15     | Received a gift from Okawaru
 37872 | D:15     | Found a runed translucent gate.
 37873 | D:15     | Found a runed translucent gate.
 37873 | D:15     | Found an ancient bone altar of Kikubaaqudgha.
 37874 | D:15     | Found a runed translucent gate.
 37875 | D:15     | Noticed a lich
 37875 | D:15     | Noticed Linguinho's ghost (journeyman GrFi)
 37875 | D:15     | Noticed a lich
 37876 | D:15     | Noticed a lich
 37876 | D:15     | Noticed a lich
 37930 | D:15     | Reached skill level 15 in Armour
 38404 | Snake:1  | Entered Level 1 of the Snake Pit
 39058 | Snake:1  | Found a broken altar of Ashenzari.
 40024 | Snake:2  | Found a burning altar of Makhleb.
 40033 | Snake:2  | Received a gift from Okawaru
 40166 | Snake:2  | Reached XP level 19. HP: 98/142 MP: 11/26
 40423 | Snake:2  | Noticed Kirke
 40603 | Snake:2  | Noticed Vashnia
 40628 | Snake:2  | Received a gift from Okawaru
 40660 | Snake:2  | Killed Vashnia
 40668 | Snake:2  | Got a distressingly furry chain mail {god gift}
 40700 | Snake:2  | Identified the +7 chain mail of Claustrophobia {rCorr SInv}
                  | (Okawaru gifted it to you on level 2 of the Snake Pit)
 41086 | Snake:2  | Noticed Asterion
 41100 | Snake:2  | Killed Asterion
 42077 | Snake:2  | Killed Kirke
 42142 | Snake:3  | Found a broken altar of Ashenzari.
 43126 | Snake:3  | Received a gift from Okawaru
 43131 | Snake:3  | HP: 5/147 [naga warrior/+3 glaive (5)]
 43631 | Snake:4  | Entered Level 4 of the Snake Pit
 43993 | Snake:4  | Identified the Disquisition on Execration
 44104 | Snake:4  | Received a gift from Okawaru
 44326 | Snake:4  | Received a gift from Okawaru
 44546 | Snake:4  | Received a gift from Okawaru
 44714 | Snake:4  | Noticed Aizul
 44730 | Snake:4  | Killed Aizul
 44768 | Snake:4  | Reached XP level 20. HP: 82/158 MP: 18/27
 44771 | Snake:4  | Received a gift from Okawaru
 45454 | Snake:4  | Received a gift from Okawaru
 45930 | Snake:4  | Received a gift from Okawaru
 46159 | Snake:4  | Reached skill level 15 in Fighting
 46586 | Snake:4  | Got a serpentine rune of Zot
 46719 | Swamp:1  | Entered Level 1 of the Swamp
 46869 | Lair:4   | Learned a level 3 spell: Vampiric Draining
 47324 | Swamp:1  | Noticed Frances
 47333 | Swamp:1  | Killed Frances
 48889 | Swamp:2  | Reached skill level 15 in Shields
 49014 | Swamp:2  | Reached skill level 1 in Evocations
 49310 | Swamp:3  | Got a shimmering chain mail
 49417 | Swamp:3  | Received a gift from Okawaru
 49441 | Swamp:3  | Identified the +3 chain mail of Amestoudgh {rC+ Regen+
                  | Dex+7} (You found it on level 3 of the Swamp)
 49820 | Swamp:4  | Entered Level 4 of the Swamp
 49953 | Swamp:4  | Reached XP level 21. HP: 105/168 MP: 15/29
 50489 | Swamp:4  | Reached skill level 5 in Evocations
 50668 | Swamp:4  | Got a decaying rune of Zot
 50905 | D:10     | Bought a potion of heal wounds for 70 gold pieces
 50905 | D:10     | Bought a potion of curing for 42 gold pieces
 50905 | D:10     | Bought a potion of heal wounds for 70 gold pieces
 50905 | D:10     | Bought a potion of curing for 42 gold pieces
 50905 | D:10     | Bought a potion of curing for 42 gold pieces
 50905 | D:10     | Bought a potion of heal wounds for 70 gold pieces
 50972 | Vaults:1 | Entered Level 1 of the Vaults
 51004 | Vaults:1 | Acquired 516 gold pieces
 51139 | Vaults:1 | Received a gift from Okawaru
 51314 | Vaults:1 | Received a gift from Okawaru
 51582 | Vaults:1 | Received a gift from Okawaru
 51833 | Vaults:1 | Received a gift from Okawaru
 52248 | Vaults:1 | Identified Sif Muna's Papyrus of Flight
 52325 | Vaults:1 | Reached skill level 15 in Throwing
 52338 | Vaults:1 | Reached XP level 22. HP: 142/175 MP: 16/31
 52507 | Vaults:1 | Found a transporter.
 52508 | Vaults:1 | Found a radiant altar of Vehumet.
 52513 | Vaults:1 | Noticed an ancient lich
 52993 | Vaults:2 | Found the +2 Maxwell's thermic engine {flame, freeze}
 53154 | Vaults:2 | Received a gift from Okawaru
 53187 | Vaults:2 | Found Jikhapp's Magic Scroll Boutique.
 53206 | Vaults:2 | Bought a scroll of identify for 36 gold pieces
 53206 | Vaults:2 | Bought a scroll of magic mapping for 63 gold pieces
 53206 | Vaults:2 | Bought a scroll of identify for 36 gold pieces
 53206 | Vaults:2 | Bought a scroll of identify for 36 gold pieces
 53206 | Vaults:2 | Bought a scroll of magic mapping for 63 gold pieces
 53206 | Vaults:2 | Bought 2 scrolls of enchant armour for 270 gold pieces
 53206 | Vaults:2 | Bought a scroll of identify for 36 gold pieces
 54427 | Vaults:3 | Received a gift from Okawaru
 54943 | Vaults:3 | Acquired a manual of Dodging
 55053 | Vaults:3 | Found a runed translucent gate.
 55053 | Vaults:3 | Found a runed translucent gate.
 55053 | Vaults:3 | Found a runed translucent gate.
 55053 | Vaults:3 | Found an ancient bone altar of Kikubaaqudgha.
 55053 | Vaults:3 | Noticed an ancient lich
 55053 | Vaults:3 | Noticed an ancient lich
 55053 | Vaults:3 | Noticed an ancient lich
 55053 | Vaults:3 | Noticed DizzySkin's ghost (veteran MiBe)
 55078 | Vaults:3 | Killed an ancient lich
 55079 | Vaults:3 | Reached skill level 10 in Dodging
 55086 | Vaults:3 | Killed DizzySkin's ghost
 55087 | Vaults:3 | Reached XP level 23. HP: 183/183 MP: 16/32
 55093 | Vaults:3 | Killed an ancient lich
 55104 | Vaults:3 | Killed an ancient lich
 55180 | Vaults:3 | Got a pair of jewelled boots
 55181 | Vaults:3 | Identified the +1 pair of boots of Ycell {-Cast Rampage
                  | Int+2 Dex+3} (You found it on level 3 of the Vaults)
 55186 | Vaults:3 | Got a pair of masterwork gloves
 55197 | Vaults:3 | Identified the +2 pair of gloves of the Eight Boll Weevils
                  | {-Tele rPois rF- Will++} (You found it on level 3 of the
                  | Vaults)
 55211 | Vaults:3 | Got a scorched steel ring
 55212 | Vaults:3 | Identified the ring "Peozeqoo" {MP+9 Int+2} (You found it
                  | on level 3 of the Vaults)
 55218 | Vaults:3 | Got a flickering lapis lazuli ring
 55219 | Vaults:3 | Identified the ring of Xom's Full Attention {*Drain +Inv
                  | rF+ Str+7 Stlth+} (You found it on level 3 of the Vaults)
 55221 | Vaults:3 | Identified Kikubaaqudgha's Incunabulum of Dark Magic
 55321 | Vaults:3 | Found a staircase to the Crypt.
 55625 | Vaults:3 | Found Iptell Waqiff's Jewellery Shop.
 55627 | Vaults:3 | Noticed Margery
 55641 | Vaults:3 | Killed Margery
 55641 | Vaults:3 | Received a gift from Okawaru
 55782 | Vaults:3 | Bought the ring of Odwy {rC+ Dex+6} for 1305 gold pieces
 56381 | Elf:1    | Entered Level 1 of the Elven Halls
 56423 | Elf:1    | Received a gift from Okawaru
 56461 | Elf:1    | Found a shimmering altar of Xom.
 56662 | Elf:1    | Received a gift from Okawaru
 56674 | Elf:1    | Got a glimmering kite shield {god gift}
 56685 | Elf:1    | Identified the +1 kite shield of Yssi {rF+} (Okawaru gifted
                  | it to you on level 1 of the Elven Halls)
 56900 | Elf:1    | Found Meidwao's Antique Weapon Emporium.
 57448 | Elf:2    | Identified the Compendium of Summoning
 57558 | Elf:2    | Noticed Nikola
 57568 | Elf:2    | Killed Nikola
 57676 | Elf:2    | Found Jufypaeg's Distillery.
 57697 | Elf:2    | Bought a potion of curing for 54 gold pieces
 57697 | Elf:2    | Bought a potion of curing for 54 gold pieces
 57697 | Elf:2    | Bought 2 potions of heal wounds for 180 gold pieces
 57697 | Elf:2    | Bought 2 potions of resistance for 360 gold pieces
 57782 | Elf:2    | Found a runed translucent gate.
 57782 | Elf:2    | Found a runed translucent gate.
 57782 | Elf:2    | Found a runed translucent gate.
 57997 | Elf:2    | Found Rannoguq's Gadget Shop.
 57997 | Elf:2    | Found Poelukky's Jewellery Shoppe.
 57998 | Elf:2    | Found Raogug's Jewellery Shoppe.
 58013 | Elf:2    | Bought the amulet of Starshine {Spirit rPois Str+3} for 760
                  | gold pieces
 58249 | Elf:2    | Reached XP level 24. HP: 189/193 MP: 19/32
 58519 | Elf:3    | Entered Level 3 of the Elven Halls
 58842 | Elf:3    | Found Vaqi's Gadget Shop.
 58925 | Elf:3    | Received a gift from Okawaru
 59164 | Elf:3    | Received a gift from Okawaru
 59432 | Elf:3    | Identified the +6 falchion of Nyirud {venom, Int+4}
 59454 | Elf:3    | Identified Kikubaaqudgha's Volume of Sinister Rites
 59859 | Depths:1 | Entered Level 1 of the Depths
 60096 | Depths:2 | You fall into a shaft and drop 2 floors!
 60165 | Depths:3 | Noticed a caustic shrike
 60173 | Depths:3 | Killed a caustic shrike
 60179 | Depths:3 | Identified the +5 battleaxe of the Fifty Deaths {pain,
                  | Str+2 Dex+7}
 60192 | Depths:3 | Received a gift from Okawaru
 60268 | Depths:3 | Got a jet-encrusted chain mail
 60279 | Depths:3 | Identified the +7 chain mail "Mynepar" {Harm +Blink rN+
                  | Dex+4} (You found it on level 3 of the Depths)
 60380 | Depths:3 | Reached XP level 25. HP: 197/203 MP: 23/32
 60513 | Depths:3 | Reached skill level 15 in Dodging
 60536 | Depths:3 | Found a broken altar of Ashenzari.
 60602 | Depths:3 | Found a gateway to Hell.
 60963 | Depths:3 | Noticed Boris
 60972 | Depths:3 | Killed Boris
 61228 | Depths:3 | Found a one-way gate leading to the halls of Pandemonium.
 61413 | Depths:2 | Got a jewelled cloak
 61424 | Depths:2 | Identified the +2 cloak "Pij Bimmaw" {rF+ Will+ Int+2
                  | Dex+3} (You found it on level 2 of the Depths)
 61855 | Depths:2 | Found a gateway to a ziggurat.
 62085 | Depths:2 | You fall into a shaft and drop 1 floor!
 62487 | Depths:1 | Found Siliz's Magic Scroll Emporium.
 62487 | Depths:1 | Found Atacly's Gadget Shoppe.
 62497 | Depths:1 | Bought a wand of acid (6) for 400 gold pieces
 62506 | Depths:1 | Bought a scroll of fear for 49 gold pieces
 62506 | Depths:1 | Bought a scroll of identify for 28 gold pieces
 62506 | Depths:1 | Bought a scroll of acquirement for 728 gold pieces
 62506 | Depths:1 | Bought a scroll of identify for 28 gold pieces
 62512 | Depths:1 | Acquired 529 gold pieces
 62770 | Depths:1 | Received a gift from Okawaru
 62790 | Depths:1 | Got a polished great mace {god gift}
 62791 | Depths:1 | Identified the +11 great mace "Rath" {protect, rElec rC-
                  | rN+ Will+} (Okawaru gifted it to you on level 1 of the
                  | Depths)
 63263 | Depths:1 | Found a runed translucent door.
 63301 | Depths:1 | You fall into a shaft and drop 1 floor!
 63608 | Depths:1 | Received a gift from Okawaru
 63609 | Depths:1 | Reached skill level 1 in Necromancy
 63713 | Depths:2 | Reached skill level 1 in Spellcasting
 63732 | Depths:2 | Reached XP level 26. HP: 201/211 MP: 22/32
 63771 | Depths:2 | Identified the cursed +0 scale mail "Roasuk" {rF+} (You
                  | found it on level 2 of the Depths)
 64455 | Depths:4 | Found a one-way gate to the infinite horrors of the Abyss.
 64500 | Depths:4 | Reached skill level 5 in Necromancy
 64840 | Depths:4 | Received a gift from Okawaru
 64854 | Depths:4 | Reached skill level 5 in Spellcasting
 65179 | Depths:4 | Reached skill level 10 in Necromancy
 65416 | Depths:5 | Entered Level 5 of the Depths
 65833 | Depths:5 | Noticed Boris
 65837 | Depths:5 | Received a gift from Okawaru
 65846 | Depths:5 | Killed Boris
 65990 | Depths:5 | Received a gift from Okawaru
 66009 | Depths:5 | Found a gate to the Realm of Zot.
 66248 | Depths:5 | Got a slimy chain mail {god gift}
 66259 | Depths:5 | Identified the +8 chain mail of Okawaru's Generosity {rC-
                  | rN+ Dex+3} (Okawaru gifted it to you on level 5 of the
                  | Depths)
 66438 | D:15     | Killed Linguinho's ghost
 66443 | D:15     | Reached XP level 27. HP: 196/217 MP: 22/32
 66467 | D:15     | Identified the ring of Inliff {+Fly rElec rPois rN+ Str+2}
                  | (You found it on level 15 of the Dungeon)
 66474 | D:15     | Got a pair of bloodstained boots
 66485 | D:15     | Identified the +0 pair of boots "Kerhioh" {Int+4} (You
                  | found it on level 15 of the Dungeon)
 66747 | Crypt:1  | Entered Level 1 of the Crypt
 67416 | Crypt:1  | Noticed Xtahua
 67431 | Crypt:1  | Killed Xtahua
 67432 | Crypt:1  | Reached skill level 10 in Evocations
 67861 | Crypt:1  | Received a gift from Okawaru
 68220 | Crypt:2  | Noticed Mennas
 68240 | Crypt:2  | Killed Mennas
 68354 | Crypt:2  | Received a gift from Okawaru
 68577 | Crypt:2  | Found a runed translucent door.
 68578 | Crypt:2  | Noticed Woadakig's ghost (veteran FoFi)
 68591 | Crypt:2  | Killed Woadakig's ghost
 68818 | Crypt:3  | Entered Level 3 of the Crypt
 68973 | Crypt:3  | Noticed Boris
 68984 | Crypt:3  | Killed Boris
 69099 | Crypt:3  | Found a basalt altar of Yredelemnul.
 69190 | Crypt:3  | Received a gift from Okawaru
 69319 | Crypt:3  | Received a gift from Okawaru
 69608 | Crypt:3  | Got a vibrating silver amulet
 69611 | Crypt:3  | Identified the amulet "Jiczomni" {RegenMP rElec Will++
                  | Int+4} (You found it on level 3 of the Crypt)
 69769 | Crypt:3  | Found a staircase to the Tomb.
 69769 | Crypt:3  | Noticed Khufu
 69781 | Crypt:3  | Killed Khufu
 69847 | Tomb:1   | Entered Level 1 of the Tomb of the Ancients
 70014 | Tomb:1   | Got a brightly glowing plate armour
 70026 | Tomb:1   | Identified the +5 plate armour of Vovo {rN+} (You found it
                  | on level 1 of the Tomb of the Ancients)
 70316 | Tomb:1   | Received a gift from Okawaru
 70877 | Hell     | Entered the Vestibule of Hell
 70877 | Hell     | Noticed Geryon
 70887 | Hell     | Killed Geryon
 70887 | Hell     | Received a gift from Okawaru
 70982 | Hell     | Noticed an ancient lich
 70995 | Hell     | Killed an ancient lich
 70995 | Hell     | Received a gift from Okawaru
 71064 | Hell     | Found a gateway to the decaying netherworld of Tartarus.
 71368 | Hell     | Found a gateway to the ashen valley of Gehenna.
 71444 | Hell     | Found a gateway to the Iron City of Dis.
 71504 | Hell     | Found a gateway to the freezing wastes of Cocytus.
 72379 | Vaults:4 | Received a gift from Okawaru
 72391 | Vaults:4 | Got slimy shadow dragon scales {god gift}
 72402 | Vaults:4 | Identified the +7 shadow dragon scales "Toakis" {Dex+3
                  | Stlth++++} (Okawaru gifted it to you on level 4 of the
                  | Vaults)
 73326 | Vaults:4 | Noticed Bai Suzhen
 73346 | Vaults:4 | Killed Bai Suzhen
 73548 | Vaults:5 | Entered Level 5 of the Vaults
 73828 | Vaults:4 | Received a gift from Okawaru
 73830 | Vaults:4 | Got a spiked plate armour {god gift}
 73841 | Vaults:4 | Identified the +1 plate armour "Ihochyan" {SInv} (Okawaru
                  | gifted it to you on level 4 of the Vaults)
 74077 | Vaults:5 | Found Guhu's Armour Shoppe.
 74747 | Vaults:5 | Identified the +6 halberd of the King {vorpal, rElec rN+}
 74778 | Vaults:5 | Received a gift from Okawaru
 74890 | Vaults:5 | Got a silver rune of Zot
 74958 | Vaults:5 | Identified Gemat's Disquisition on Scorching Orientation
 75215 | Vaults:5 | Received a gift from Okawaru
 75293 | Vaults:5 | Acquired a ring of the Serpent {rElec rPois rF+ rC++ Str+2}
 75297 | Vaults:5 | Identified Jotavum's Guide on Snow and Flight
 75894 | Zot:1    | Entered Level 1 of the Realm of Zot
 76083 | Zot:1    | Received a gift from Okawaru
 76400 | Zot:1    | Received a gift from Okawaru
 77151 | Zot:2    | Received a gift from Okawaru
 77341 | Zot:2    | Noticed an orb of fire
 77991 | Zot:3    | Noticed a Killer Klown
 78011 | Zot:3    | Killed a Killer Klown
 78140 | Zot:3    | Received a gift from Okawaru
 79473 | Zot:4    | Received a gift from Okawaru
 79656 | Zot:4    | Found the +4 dragonskin cloak
 79656 | Zot:4    | Noticed Tiamat
 79711 | Zot:4    | Killed Tiamat
 80661 | Zot:4    | Received a gift from Okawaru
 80694 | Zot:4    | Received a gift from Okawaru
 80895 | Zot:4    | Received a gift from Okawaru
 81052 | Zot:5    | Entered Level 5 of the Realm of Zot
 81100 | Zot:5    | Noticed an orb of fire
 81127 | Zot:5    | Noticed an orb of fire
 81128 | Zot:5    | Noticed an orb of fire
 81134 | Zot:5    | Noticed an orb of fire
 81136 | Zot:5    | Gained mutation: You are clumsy. (Dex -2) [an orb of fire]
 81139 | Zot:5    | Noticed a Killer Klown
 81141 | Zot:5    | Gained mutation: You are frail. (-10% HP) [an orb of fire]
 81145 | Zot:5    | Noticed an ancient lich
 81145 | Zot:5    | Noticed an ancient lich
 81145 | Zot:5    | Noticed a Killer Klown
 81145 | Zot:5    | Noticed a Killer Klown
 81157 | Zot:5    | Killed an orb of fire
 81163 | Zot:5    | Killed an orb of fire
 81163 | Zot:5    | Gained mutation: You do not regenerate when monsters are
                  | visible. [an orb of fire]
 81164 | Zot:5    | Gained mutation: Scrolls take you a little longer to read.
                  | [mutagenic glow]
 81166 | Zot:5    | Killed an ancient lich
 81166 | Zot:5    | Received a gift from Okawaru
 81168 | Zot:5    | Killed an ancient lich
 81168 | Zot:5    | Killed an orb of fire
 81171 | Zot:5    | Killed an orb of fire
 81171 | Zot:5    | Killed a Killer Klown
 81183 | Zot:5    | Gained mutation: Your magical capacity is low. (-10% MP)
                  | [mutagenic glow]
 81189 | Zot:5    | Killed a Killer Klown
 81195 | Zot:5    | Killed a Killer Klown
 81197 | Zot:5    | Noticed an ancient lich
 81201 | Zot:5    | Noticed a Killer Klown
 81203 | Zot:5    | Killed an ancient lich
 81203 | Zot:5    | Received a gift from Okawaru
 81203 | Zot:5    | Noticed a Killer Klown
 81205 | Zot:5    | Noticed a Killer Klown
 81207 | Zot:5    | Killed a Killer Klown
 81208 | Zot:5    | Killed a Killer Klown
 81208 | Zot:5    | Noticed a Killer Klown
 81208 | Zot:5    | Gained mutation: Your magical capacity is very low. (-20%
                  | MP) [mutagenic glow]
 81209 | Zot:5    | Killed a Killer Klown
 81218 | Zot:5    | Gained mutation: You are dopey. (Int -2) [mutagenic glow]
 81220 | Zot:5    | Killed a Killer Klown
 81235 | Zot:5    | Gained mutation: Scrolls take you longer to read.
                  | [mutagenic glow]
 81472 | Zot:5    | Got a twisted chain mail {god gift}
 81486 | Zot:5    | Identified the +1 chain mail of the Realm of Zot {rF+}
                  | (Okawaru gifted it to you on level 5 of the Realm of Zot)
 82155 | Zot:5    | Reached skill level 27 in Fighting
 82187 | Zot:5    | Received a gift from Okawaru
 82719 | Depths:4 | Voluntarily entered the Abyss.
 82719 | Abyss:1  | Found a corrupted altar of Lugonu.
 82899 | Abyss:1  | Reached skill level 15 in Evocations
 82914 | Abyss:1  | Received a gift from Okawaru
 82917 | Abyss:1  | Got a glimmering scale mail {god gift}
 83376 | Depths:4 | Escaped the Abyss
 83384 | Depths:4 | Lost mutation: You are frail. (-10% HP) [potion of
                  | mutation]
 83384 | Depths:4 | Lost mutation: Scrolls take you longer to read. [potion of
                  | mutation]
 83384 | Depths:4 | Lost mutation: You are clumsy. (Dex -2) [potion of
                  | mutation]
 83384 | Depths:4 | Gained mutation: You are partially covered in thin metallic
                  | scales. (AC +2) [potion of mutation]
 83385 | Depths:4 | Lost mutation: Your magical capacity is very low. (-20% MP)
                  | [potion of mutation]
 83385 | Depths:4 | Lost mutation: Your magical capacity is low. (-10% MP)
                  | [potion of mutation]
 83385 | Depths:4 | Lost mutation: Scrolls take you a little longer to read.
                  | [potion of mutation]
 83385 | Depths:4 | Gained mutation: Your magical capacity is low. (-10% MP)
                  | [potion of mutation]
 83385 | Depths:4 | Gained mutation: Your movements are slightly less
                  | encumbered by armour. (ER -2) [potion of mutation]
 83386 | Depths:4 | Lost mutation: Your magical capacity is low. (-10% MP)
                  | [potion of mutation]
 83386 | Depths:4 | Lost mutation: You are dopey. (Int -2) [potion of mutation]
 83386 | Depths:4 | Gained mutation: Your spells are a little harder to cast,
                  | but a little more powerful. [potion of mutation]
 83386 | Depths:4 | Gained mutation: You are strong-willed. (Will+) [potion of
                  | mutation]
 83386 | Depths:4 | Gained mutation: Your muscles are strong. (Str +2) [potion
                  | of mutation]
 83387 | Depths:4 | Lost mutation: Your spells are a little harder to cast, but
                  | a little more powerful. [potion of mutation]
 83387 | Depths:4 | Lost mutation: You are partially covered in thin metallic
                  | scales. (AC +2) [potion of mutation]
 83387 | Depths:4 | Gained mutation: You are highly strong-willed. (Will++)
                  | [potion of mutation]
 83387 | Depths:4 | Gained mutation: You have an increased reservoir of magic.
                  | (+10% MP) [potion of mutation]
 83388 | Depths:4 | Lost mutation: You do not regenerate when monsters are
                  | visible. [potion of mutation]
 83388 | Depths:4 | Lost mutation: You are highly strong-willed. (Will++)
                  | [potion of mutation]
 83388 | Depths:4 | Gained mutation: Your muscles are very strong. (Str +4)
                  | [potion of mutation]
 83456 | Depths:4 | Identified the +6 scale mail of Divine Intervention {Harm
                  | Int+5} (Okawaru gifted it to you on level 1 of the Abyss)
 83476 | Depths:4 | Voluntarily entered the Abyss.
 83487 | Abyss:1  | Got a faintly humming ring mail
 84362 | Abyss:2  | Found a corrupted altar of Lugonu.
 84642 | Abyss:2  | Received a gift from Okawaru
 85246 | Abyss:2  | Received a gift from Okawaru
 85350 | Abyss:2  | Received a gift from Okawaru
 85518 | Abyss:2  | Found a corrupted altar of Lugonu.
 86338 | Abyss:2  | Found a corrupted altar of Lugonu.
 86394 | Abyss:2  | Found a transporter.
 86396 | Abyss:2  | Found a transporter.
 86486 | Abyss:2  | Got a scorched graven amulet
 86622 | Abyss:2  | Received a gift from Okawaru
 86903 | Abyss:2  | Received a gift from Okawaru
 86917 | Abyss:2  | Gained mutation: Your body sometimes deteriorates upon
                  | taking damage. [a cacodemon]
 87011 | Abyss:2  | Found a corrupted altar of Lugonu.
 87505 | Abyss:3  | Received a gift from Okawaru
 87558 | Abyss:3  | Found a corrupted altar of Lugonu.
 87747 | Abyss:3  | Received a gift from Okawaru
 87812 | Abyss:3  | Identified the +4 tower shield of the Onion {Will+ Regen+}
 87911 | Abyss:3  | Received a gift from Okawaru
 88100 | Abyss:3  | Found a corrupted altar of Lugonu.
 88107 | Abyss:3  | Received a gift from Okawaru
 88128 | Abyss:3  | Got an abyssal rune of Zot
 88166 | Depths:4 | Escaped the Abyss
 88178 | Depths:4 | Identified the cursed +0 ring mail of Typuas {Dex+3} (You
                  | found it on level 1 of the Abyss)
 88179 | Depths:4 | Identified the amulet "Wuott" {Spirit rElec Str+4 Dex+6
                  | Stlth+} (You found it on level 2 of the Abyss)
 88579 | Slime:1  | Entered Level 1 of the Pits of Slime
 88840 | Slime:1  | You fall into a shaft and drop 1 floor!
 90735 | Slime:5  | Entered Level 5 of the Pits of Slime
 90811 | Slime:5  | Received a gift from Okawaru
 90959 | Slime:5  | Received a gift from Okawaru
 91007 | Slime:5  | Found a viscous altar of Jiyva.
 91062 | Slime:5  | Noticed the Royal Jelly
 91201 | Slime:5  | Killed the Royal Jelly
 91579 | Slime:5  | Got a slimy rune of Zot
 91608 | Slime:5  | Got a vibrating wooden ring
 91627 | Slime:5  | Got a shimmering plate armour
 91628 | Slime:5  | Identified the +2 plate armour "Bosudios" {rC+} (You found
                  | it on level 5 of the Pits of Slime)
 91630 | Slime:5  | Identified the ring "Ytoredayte" {Wiz rF+ Int+3 Dex+2
                  | Stlth-} (You found it on level 5 of the Pits of Slime)
 92513 | D:6      | Bought a potion of curing for 66 gold pieces
 92513 | D:6      | Bought a wand of acid (11) for 176 gold pieces
 92803 | Elf:2    | Bought a wand of disintegration (8) for 228 gold pieces
 92803 | Elf:2    | Bought a wand of acid (4) for 304 gold pieces
 92803 | Elf:2    | Bought a wand of disintegration (13) for 323 gold pieces
 92803 | Elf:2    | Bought a wand of paralysis (9) for 209 gold pieces
 92803 | Elf:2    | Bought a wand of iceblast (4) for 152 gold pieces
 93329 | Pan      | Entered Pandemonium
 93349 | Pan      | Noticed Miazihan the pandemonium lord
 93357 | Pan      | Killed Miazihan the pandemonium lord
 93374 | Pan      | Gained mutation: Armour fits poorly on your strangely
                  | shaped body. [a cacodemon]
 93410 | Pan      | Entered the realm of Mnoleg.
 93438 | Pan      | Gained mutation: You are clumsy. (Dex -2) [a neqoxec]
 93601 | Pan      | Lost mutation: You have an increased reservoir of magic.
                  | (+10% MP) [a neqoxec]
 93620 | Pan      | Noticed Mnoleg
 93652 | Pan      | Killed Mnoleg
 93836 | Pan      | Received a gift from Okawaru
 93923 | Pan      | Got a glowing rune of Zot
 94115 | Pan      | Gained mutation: Your magical capacity is low. (-10% MP) [a
                  | neqoxec]
 94119 | Pan      | Received a gift from Okawaru
 94120 | Pan      | Gained mutation: Scrolls take you a little longer to read.
                  | [a neqoxec]
 94295 | Pan      | Found an exit through the horrors of the Abyss.
 94518 | Pan      | Reached skill level 27 in Evocations
 94580 | Pan      | Received a gift from Okawaru
 94581 | Pan      | Got a polished scale mail {god gift}
 94606 | Pan      | Entered the realm of Lom Lobon.
 94784 | Pan      | Noticed Lom Lobon
 94811 | Pan      | Killed Lom Lobon
 94957 | Pan      | Got a magical rune of Zot
 95641 | Pan      | Received a gift from Okawaru
 95698 | Pan      | Identified the +0 tower shield "Qaseket" {+Fly Str+4}
 95758 | Pan      | Found a glowing silver altar of Zin.
 95786 | Pan      | Received a gift from Okawaru
 96099 | Pan      | Received a gift from Okawaru
 96438 | Pan      | Found a white marble altar of Elyvilon.
 97045 | Pan      | Received a gift from Okawaru
 97048 | Pan      | Got a fading kite shield {god gift}
 97124 | Pan      | Identified the ring of the Failed Coup {rElec rF+++ Will+
                  | Int+4 Dex+4}
 97124 | Pan      | Noticed a seraph
 97142 | Pan      | Killed a seraph
 97158 | Pan      | Found a glowing golden altar of the Shining One.
 97174 | Pan      | Got a demonic rune of Zot
 97398 | Pan      | Noticed Roeng the pandemonium lord
 97414 | Pan      | Killed Roeng the pandemonium lord
 97653 | Pan      | Found an exit through the horrors of the Abyss.
 97711 | Pan      | Found a huge runed translucent gate.
 97844 | Pan      | Gained mutation: Scrolls take you longer to read. [a
                  | cacodemon]
 98107 | Pan      | Received a gift from Okawaru
 98210 | Pan      | Noticed Pemaaj the pandemonium lord
 98231 | Pan      | Killed Pemaaj the pandemonium lord
 98271 | Pan      | Entered the realm of Gloorx Vloq.
 98409 | Pan      | Identified the +1 kite shield of Okawaru's Hope {*Contam
                  | rN+ Dex+3} (Okawaru gifted it to you in Pandemonium)
 98420 | Pan      | Identified the +2 scale mail of Dyjo {rPois Will+ Stlth+}
                  | (Okawaru gifted it to you in Pandemonium)
 98432 | Pan      | Got a pair of warped boots
 98819 | Pan      | Noticed Gloorx Vloq
 98828 | Pan      | HP: 6/249 [Executioner[Gloorx Vloq] (11)]
 98828 | Pan      | Slain by an Executioner

Illustrated notes

Levels and vault maps discovered:
D:1:      dpeg_arrival_rooms_c, layout_loops_ring, nrook_mini_vaults
D:2:      minmay_angry_zag, layout_rooms, grunt_decor_junction, uniq_sigmund
D:3:      layout_rooms, lemuel_doored_altar, uniq_jessica
D:4:      layout_basic, serial_shops, nicolae_shop_statue_plus
D:5:      layout_loops_ring, vehumet_altar_wand_db, gup_sewer_entry_glass,
          uniq_prince_ribbit1
D:6:      layout_basic, minmay_temple_entry_trees, serial_shops,
          nicolae_shop_trees, gammafunk_ghost_hive
D:7:      layout_basic, lemuel_coloured_pillars_altar, uniq_pikel
D:8:      layout_loops_corners, uniq_maurice, uniq_gastronok, uniq_erica
D:9:      layout_stronghold, minitemple, general_overflow_altar, orc_0_dummy
D:10:     layout_roguey, david_lair_shrubbed, serial_shops, shop,
          serial_aquarium, aquarium_bridge_long_joined
          [aquarium_subvault_bridge, aquarium_subvault_bridge,
          aquarium_subvault_wall, aquarium_subvault_bridge,
          aquarium_subvault_window, aquarium_subvault_wall],
          aquarium_bridge_island_small [aquarium_subvault_small_water,
          aquarium_subvault_wall, aquarium_subvault_wall,
          aquarium_subvault_bridge, aquarium_subvault_bridge],
          aquarium_window_1, aquarium_window_fake, aquarium_window_2,
          aquarium_view_2d, aquarium_view_2b
D:11:     layout_roguey, ebering_ghost_inner_flame,
          nicolae_gozag_cash_rules_everything_around_me
D:12:     layout_irregular_city, gammafunk_ghost_mausoleum,
          minmay_pinched_square
D:13:     gammafunk_jiyva_shrine, layout_loops_ring,
          lightli_vaults_fourway_checkpoint, nicolae_trove_entry_crystal,
          david_defended_altar_orc
D:14:     layout_loops_ring
D:15:     hangedman_depths_entry_try_elsewhere_first, layout_gridville,
          gammafunk_ghost_crypt, roderic_lattice_a, gauntlet_entry_generic,
          uniq_louise
Temple:   nicolae_temple_x_marks_the_god
Lair:1:   layout_cave_pods, infiniplex_staircase_pool, uniq_grum
Lair:2:   layout_layer_cave, serial_bayou_shore_a, lemuel_fruit_tree
Lair:3:   layout_misc_corridors, guppyfry_snake_entry_island,
          minmay_shattered_shrine
Lair:4:   nzn_winding_woodlands_stair_cross
          [nzn_winding_woodlands_5x15_sawtooth,
          nzn_winding_woodlands_center_lodge,
          nzn_winding_woodlands_5x15_split_checker,
          nzn_winding_woodlands_5x5_cross, nzn_winding_woodlands_5x5_perimeter,
          nzn_winding_woodlands_5x15_sidewinder,
          nzn_winding_woodlands_center_diamonds,
          nzn_winding_woodlands_5x15_twine], layout_hall_layers, swamp_mist_pool
Lair:5:   layout_hall_layers, st_stairs_11, beast_lair_carwin_3,
          minmay_lair_oklob_chamber, uniq_nessos
Lair:6:   minmay_lair_end_enchanted_forest, layout_hall_layers,
          dpeg_slime_entry_corner, portal_ice_cave_entry_animals_and_master,
          chequers_serial_rivers_micro_d, kennysheep_abandoned_house,
          grunt_megastairs_2, uniq_sonja
Swamp:1:  layout_basic_swamp, nicolae_swamp_trees_clearing, swamp_pool1,
          nicolae_swamp_triple_paths, uniq_frances
Swamp:2:  layout_basic_swamp, evilmike_swamp_ruin_rubble_1, swamp_pool1
Swamp:3:  layout_basic_swamp, evilmike_swamp_ruin_rubble_2
Swamp:4:  swamp_fiery, layout_basic_swamp
Snake:1:  layout_chambers, basic_altar, hangedman_venom_bottle
Snake:2:  layout_chambers, basic_altar, uniq_kirke, uniq_vashnia, uniq_asterion
Snake:3:  layout_misc_corridors, basic_altar
Snake:4:  snake_pit, layout_gridlike, grunt_ministairs_13,
          nrook_guardian_serpent_ordinary, uniq_aizul
Slime:1:  layout_caves
Slime:2:  layout_caves
Slime:3:  nicolae_slime_jelly_donut, layout_caves
Slime:4:  layout_caves, nicolae_slime_barrier
Slime:5
Orc:1:    layout_caves, uniq_urug
Orc:2:    grunt_orc_cross, layout_caves, nicolae_volcano_entry_s_turn
Elf:1:    minmay_elf_arrival_summoners, layout_gridlike, serial_shops,
          shop_statue, basic_altar, hangedman_elven_crosses_minicolossus,
          minmay_strange_pillars, item_on_display_a, grunt_megastairs_3
Elf:2:    layout_gridlike, serial_shops, nicolae_shop_statue_plus,
          minmay_shop_grove, uniq_nikola
Elf:3:    minmay_elf_hall_curves, layout_geoelf_octagon, serial_shops, shop
Vaults:1: v_misc_9, gammafunk_sealed_library, nicolae_vaults_big_ls,
          vaults_mumra_minichess, v_misc_1, nicolae_vaults_border_crossing,
          vaults_room_grunt_arrival_ludios, ontoclasm_vaults_twist,
          layout_vaults_maze_snakey
Vaults:2: dpeg_vaults_monster_row, serial_ice_m, hangedman_vaults_nodes,
          vaults_dpeg_doors, nicolae_vaults_alarming, vaults_room_pools,
          vaults_standard_mumra_x, v_misc_19, layout_vaults_chaotic_city,
          serial_shops, shop_fountains
Vaults:3: gammafunk_vaults_ghost_crypt, v_misc_26, grunt_vaults_trifunnel,
          grunt_vaults_focal, ontoclasm_vaults_loading_screen,
          vaults_room_ringed_pool, hangedman_vaults_corner,
          ontoclasm_vaults_loading_screen, minmay_crypt_entry_simple_statues,
          nicolae_vaults_fighting_squares, hangedman_vaults_trim,
          layout_vaults_omnicross, serial_shops, shop, uniq_margery
Vaults:4: grunt_vaults_diagonal, v_misc_14, nicolae_vaults_twisting_passages,
          vaults_room_door_ring, v_rooms_6, st_smaller_cells, v_pattern_3,
          vaults_room_grunt_arrival_checkpoint, vaults_room_pool, v_misc_26,
          hangedman_vaults_maws, ontoclasm_vaults_idyll,
          grunt_vaults_hallway_short, vaults_room_door_ring, layout_vaults_ring,
          uniq_bai_suzhen
Vaults:5: serial_shops
Crypt:1:  hangedman_staggered_hall, layout_regular_city, chequers_big_river,
          minivault_26, uniq_xtahua
Crypt:2:  layout_misc_corridors, ebering_ghost_inner_flame,
          small_chamber_with_monster, item_on_display_a, grunt_megastairs_1,
          uniq_mennas
Crypt:3:  grunt_crypt_end_deaths_head
Tomb:1:   uniq_khufu
Depths:1: layout_gridlike, chequers_serial_rivers_micro_d,
          hangedman_tar_grid_catacomb, minmay_acid_items,
          kennysheep_random_hallway, minmay_shoptagon
Depths:2: minmay_isolated_rectangles_in_corner, layout_long_grid,
          enter_ziggurat_e, glass_columns_c, hell_entry, minivault_16,
          statue_in_the_mist_lemuel, infiniplex_staircase_spiral_double
Depths:3: minmay_stepped, layout_cave_pools, chequers_serial_rivers_small_b,
          hell_entry, rand_demon_pan_entry_4, nicolae_ashenzari_panopticon,
          minmay_staircase_bubble, uniq_boris
Depths:4: minmay_box_of_statues, layout_cross, abyss_entry,
          minmay_staircase_windowed_large, grunt_hell_entry_demonic_statue
Depths:5: evilmike_zot_entry_diamond, layout_twisted_cross,
          minmay_misc_feat_five, hangedman_coc_ice_floe, grunt_pan_entry_spiral
Hell
Zot:1:    nicolae_moth_party, layout_basic
Zot:2:    kennysheep_bubbly, layout_misc_corridors, nrook_zot_tub
Zot:3:    layout_concentric_octagons, skrybe_zot_glass_2
Zot:4:    minmay_elemental_castle, layout_cathedral_of_symmetry,
          zot_minivault_1, uniq_tiamat
Zot:5:    layout_gridville
Pan:      rand_demon_1, layout_chambers, nicolae_pan_lom_lobonic_1, mnoleg_st,
          layout_rooms, pan_blood_fountain, nicolae_pan_sigil_obb,
          grunt_pan_zigzag, layout_rooms, evilmike_mini_pan_layers,
          layout_rooms, special_room [special_room_demon_pit], lom_lobon_st,
          layout_irregular_city, reaverb_pan_chaos_star, nicolae_pan_sigil_itan,
          evilmike_mini_pan_thingy, layout_long_grid, evilmike_holy_pan,
          rand_demon_3, layout_chambers, evilmike_mini_pan_doors,
          layout_gridville, pan_blood_fountain_small, nicolae_pan_giant_door,
          layout_pan_divisions_a [pan_division_quadrant_a2,
          pan_division_quadrant_a5, pan_division_quadrant_a4,
          pan_division_quadrant_a2, pan_division_octagon_rings],
          grunt_pan_sceptre, layout_pan_divisions_a [pan_division_quadrant_a4,
          pan_division_quadrant_a1, pan_division_quadrant_a2,
          pan_division_quadrant_a4, pan_division_octagon_empty],
          evilmike_gloorx_vloq_box, layout_basic

Skill      XL: |  1  2  3  4  5  6  7  8  9 10 11 12 13 14 15 16 17 18 19 20 21 22 23 24 25 26 27 |
---------------+----------------------------------------------------------------------------------+-----
Shields        | 4 5 7 9 10 11 12 15 16 20 | 20.0
Fighting       | 4 6 7 8 10 13 15 16 17 18 27 | 27.0
Armour         | 4 5 6 7 9 10 11 12 14 15 16 17 18 20 | 20.0
Maces & Flails | 3 4 6 8 10 12 13 14 16 17 18 20 21 22 23 24 26 | 26.4
Throwing       | 2 6 7 11 12 13 15 16 23 | 23.0
Invocations    | 4 6 7 10 12 14 | 14.0
Dodging        | 2 4 5 6 7 8 9 10 12 14 16 20 | 20.0
Evocations     | 3 8 27 | 27.0
Necromancy     | 2 13 14 | 14.0
Spellcasting   | 1 5 |  5.0

Action                   |  1- 3 |  4- 6 |  7- 9 | 10-12 | 13-15 | 16-18 | 19-21 | 22-24 | 25-27 || total
-------------------------+-------+-------+-------+-------+-------+-------+-------+-------+-------++-------
Melee: Flail             |    78 |   159 |       |       |       |       |       |       |       ||   237
       Mace              |       |    26 |   289 |   734 |   641 |       |       |       |       ||  1690
       Demon whip        |       |       |       |       |   583 |   192 |       |       |       ||   775
       Great mace        |       |       |       |       |    81 |   809 |  1265 |   950 |  6273 ||  9378
Throw: Stone             |       |       |       |    11 |       |       |       |       |       ||    11
       Boomerang         |       |       |       |       |    44 |    20 |    59 |    96 |   789 ||  1008
       Javelin           |       |       |       |       |       |     5 |     3 |    16 |   193 ||   217
Invok: Heroism           |       |       |       |    10 |    10 |    10 |    10 |     8 |    46 ||    94
       Finesse           |       |       |       |       |     2 |     2 |       |     4 |    25 ||    33
 Abil: Dig               |       |       |     1 |    24 |   137 |     9 |    14 |     3 |   229 ||   417
       Shaft Self        |       |       |       |       |       |       |       |       |     1 ||     1
       Evoke Flight      |       |       |       |       |       |       |       |       |     6 ||     6
Evoke: Box of beasts     |       |       |       |       |       |       |       |     1 |     1 ||     2
       Condenser vane    |       |       |       |       |       |       |       |       |     7 ||     7
       Wand              |       |       |       |       |       |       |       |       |     5 ||     5
       Tin of tremorston |       |       |       |       |       |       |       |       |     1 ||     1
  Use: Potion            |     1 |     1 |       |     1 |       |     3 |     5 |       |    14 ||    25
       Scroll            |       |     5 |    12 |     7 |    14 |    11 |     8 |    12 |    36 ||   105
 Stab: Petrified         |       |       |       |       |     2 |       |       |       |       ||     2
       Confused          |       |       |       |       |       |     1 |       |       |       ||     1
       Distracted        |       |       |       |       |       |       |       |       |    17 ||    17
       Sleeping          |       |       |       |       |       |       |       |       |     2 ||     2
Armor: Scale mail        |    46 |    56 |    41 |       |    81 |   216 |     6 |       |       ||   446
       Plate armour      |       |       |    32 |   202 |     5 |       |       |       |       ||   239
       Chain mail        |       |       |       |       |   191 |       |   242 |   109 |   657 ||  1199
Dodge: Dodged            |    26 |    60 |    77 |   145 |   270 |   269 |   386 |   250 |  2261 ||  3744
Block: Kite shield       |    44 |   109 |   140 |   209 |       |       |       |       |   114 ||   616
       Tower shield      |       |       |       |   218 |  1079 |   995 |  1226 |   845 |  6435 || 10798
